 Dungeon Sprint DCSS version 0.19.5 (webtiles) character file.

14711 potatolord5000 the Acrobat (level 12, -10/107 HPs)
             Began as a Merfolk Gladiator on May 3, 2017.
             Was the Champion of Makhleb.
             Mangled by Mennas
             ... wielding a +1 sacred scourge of holy wrath
              (13 damage)
             ... in the Dungeon (Sprint VII: "The Pits").
             The game lasted 00:22:27 (2463 turns).

potatolord5000 the Acrobat (Merfolk Gladiator)      Turns: 2463, Time: 00:22:28

Health: -10/107    AC: 11    Str: 20    XL:     12   Next: 19%
Magic:  21/21      EV: 38    Int:  8    God:    Makhleb [******]
Gold:   48         SH:  0    Dex: 30    Spells: 0 memorised, 11 levels left

rFire  . . .     SeeInvis .     g - +2 trident (pierce)
rCold  . . .     Gourm    .     p - +3 ring mail
rNeg   . . .     Faith    .     (no shield)
rPois  .         Spirit   .     c - +0 helmet
rElec  .         Reflect  .     v - +0 cloak
rCorr  .         Harm     .     u - +0 pair of gloves
MR     .....     NoTele   +     (no boots)
Stlth  +++.......               (no amulet)
                                r - +3 ring of dexterity
                                q - +3 ring of dexterity

@: mighty, agile, very slightly contaminated, hasted, glowing, silenced, very
quick
A: change form in water, swift swim, stealthy swim
a: Renounce Religion


You were in the Dungeon.
You worshipped Makhleb.
Makhleb was exalted by your worship.
You were full.

You visited 1 branch You collected 48 gold pieces.

Inventory:

Hand Weapons
 d - a +0 short sword
 g - a +2 trident of piercing (weapon)
Armour
 c - a +0 helmet (worn)
 p - a +3 ring mail (worn)
 u - a +0 pair of gloves (worn)
 v - a +0 cloak (worn)
 B - a +0 plate armour
Jewellery
 q - a +3 ring of dexterity (left hand)
 r - a +3 ring of dexterity (right hand)
Scrolls
 b - a scroll of recharging
 h - 3 scrolls of remove curse
 k - 3 scrolls of blinking
 l - 5 scrolls of amnesia
 m - a scroll of summoning
 t - 3 scrolls of fog
 x - 2 scrolls of enchant armour
 y - a scroll of fear
Potions
 a - a potion of invisibility
 e - 6 potions of curing
 i - 4 potions of magic
 s - 2 potions of brilliance
 w - a potion of berserk rage
Comestibles
 f - 8 bread rations
 n - 40 fruits
 o - 4 meat rations


   Skills:
 + Level 14.0 Fighting
   Level 4.4 Long Blades
 + Level 17.0 Polearms
 - Level 2.2 Throwing
 * Level 21.0 Dodging
 + Level 14.8 Stealth
 + Level 12.3 Invocations


You had 11 spell levels left.
You didn't know any spells.

Dungeon Overview and Level Annotations

Branches:
Dungeon (1/1)

Altars:
Ashenzari
Cheibriados
Dithmenos
Elyvilon
Fedhas
Gozag
Hepliaklqana
Kikubaaqudgha
Makhleb
Nemelex Xobeh
Okawaru
Qazlal
Ru
Sif Muna
Trog
Uskayaw
Vehumet
Xom
Yredelemnul
Zin
The Shining One
Beogh
Jiyva
Lugonu

Annotations:
D Mennas


Message History

Makhleb accepts your kill.
You feel better.
Mennas gestures frantically.
Mennas is healed somewhat.
You puncture the redback!
You kill the redback!
Makhleb accepts your kill.
You feel better.
Your Fighting skill increases to level 14!
Your Dodging skill increases to level 21!
You puncture Mennas!
Mennas is heavily wounded.
Mennas gestures frantically.
Mennas's surroundings become eerily quiet.
You puncture Mennas!
Mennas is severely wounded.
Mennas hits you with a sacred scourge of holy wrath!!
* * * LOW HITPOINT WARNING * * *
Mennas hits you with a sacred scourge of holy wrath!
You die...

########..#....#..#
......++..........#
......++..........#
#+##..##..#....#..# #.
#..........+ #
#..........+
###4'####''#
###'†####''###########
#..MA@.##.............
####
#.#†##.##.......[.....
... #.#:}
.##..########### .. #
+[=#.##..# +#
#:Z+.##..# +##########
+)%#.##..# ......##..#
##+#.##..# ......##..#
.##..# ......''..#
#..#


You could see Mennas, a mummy priest and a friendly hellwing (confused).

Vanquished Creatures
  A death cob (D)
  2 shadow wraiths (D)
  Pikel (D)
  A deep elf mage (D)
  A lindwurm (D)
  An orc knight (D)
  2 cyclopes (D)
  A smoke demon (D)
  A spiny frog (D)
  A merfolk (D)
  A dream sheep (D)
  A bog body (D)
  2 redbacks (D)
  2 wraiths (D)
  A neqoxec (D)
  A hungry ghost (D)
  2 vampire mosquitoes (D)
  Edmund (D)
  A slave (D)
  3 orc warriors (D)
  2 sky beasts (D)
  An ogre (D)
  A black bear (D)
  A centaur (D)
  6 wolves (D)
  A hound (D)
  An orc priest (D)
  An iguana (D)
  A worker ant (D)
  An adder (D)
  An ooze (D)
  A worm (D)
  8 orcs (D)
  11 jackals (D)
  A quokka (D)
  3 frilled lizards (D)
68 creatures vanquished.

Vanquished Creatures (collateral kills)
  Saint Roka (D)
  An eidolon (D)
  A great orb of eyes (D)
  A sun demon (D)
  2 sixfirhies (D)
  A swamp dragon (D)
  A deep troll (D)
  A wolf spider (D)
  2 cyclopes (D)
  An elephant (D)
  An orange demon (D)
  A smoke demon (D)
  A spiny frog (D)
  2 freezing wraiths (D)
  An ice devil (D)
  A jumping spider (D)
  A bog body (D)
  A vampire (D)
  2 ynoxinuls (D)
  A tarantella (D)
  A wyvern (D)
  A steam dragon (D)
  4 wargs (D)
  A floating eye (D)
  4 orc warriors (D)
  2 slaves (D)
  A black bear (D)
  2 earth elementals (D)
  6 killer bees (D)
  2 orc priests (D)
  2 orc wizards (D)
  6 orcs (D)
  A bat skeleton (D)
  A hobgoblin (D)
58 creatures vanquished.

Vanquished Creatures (others)
  A slave (D)
  An orc (D)
2 creatures vanquished.

Grand Total: 128 creatures vanquished

Notes
Turn   | Place    | Note
-------+----------+-------------------------------------------
     0 | D        | potatolord5000 the Merfolk Gladiator began the quest for the Orb.
     0 | D        | Reached XP level 1. HP: 16/16 MP: 1/1
    25 | D        | Reached skill level 5 in Dodging
    25 | D        | Reached XP level 2. HP: 13/23 MP: 2/2
    73 | D        | Found a radiant altar of Vehumet.
    73 | D        | Found a hide-covered altar of Uskayaw.
    73 | D        | Found an ancient bone altar of Kikubaaqudgha.
    73 | D        | Found a viscous altar of Jiyva.
    73 | D        | Found a hazy altar of Hepliaklqana.
    74 | D        | Found a bloodstained altar of Trog.
    74 | D        | Found a deep blue altar of Sif Muna.
    74 | D        | Found a sacrificial altar of Ru.
    74 | D        | Found a stormy altar of Qazlal.
    74 | D        | Found an iron altar of Okawaru.
    74 | D        | Found a sparkling altar of Nemelex Xobeh.
    74 | D        | Found an opulent altar of Gozag.
    74 | D        | Found a blossoming altar of Fedhas.
    74 | D        | Found a white marble altar of Elyvilon.
    74 | D        | Found a shadowy altar of Dithmenos.
    74 | D        | Found a snail-covered altar of Cheibriados.
    75 | D        | Found a glowing golden altar of the Shining One.
    75 | D        | Found a glowing silver altar of Zin.
    77 | D        | Found a roughly hewn altar of Beogh.
    77 | D        | Found a burning altar of Makhleb.
    77 | D        | Found a basalt altar of Yredelemnul.
    78 | D        | Found a shattered altar of Ashenzari.
    78 | D        | Found a corrupted altar of Lugonu.
    78 | D        | Found a shimmering altar of Xom.
   136 | D        | Became a worshipper of Makhleb the Destroyer
   212 | D        | Reached skill level 1 in Polearms
   219 | D        | Reached * piety under Makhleb
   219 | D        | Reached skill level 1 in Stealth
   233 | D        | Reached ** piety under Makhleb
   243 | D        | Reached XP level 3. HP: 29/29 MP: 3/3
   248 | D        | Reached *** piety under Makhleb
   254 | D        | Reached skill level 6 in Dodging
   261 | D        | Reached **** piety under Makhleb
   477 | D        | Noticed a hungry ghost
   479 | D        | Reached XP level 4. HP: 36/38 MP: 4/4
   481 | D        | Reached skill level 5 in Fighting
   492 | D        | Killed a hungry ghost
   492 | D        | Reached skill level 8 in Dodging
   492 | D        | Reached XP level 5. HP: 47/47 MP: 5/5
   493 | D        | Reached ***** piety under Makhleb
   497 | D        | Reached XP level 6. HP: 53/53 MP: 6/6
   498 | D        | Noticed a black bear
   509 | D        | Killed a black bear
   509 | D        | Reached skill level 9 in Dodging
   704 | D        | Noticed a sky beast
   708 | D        | Killed a sky beast
   708 | D        | Reached skill level 10 in Dodging
   710 | D        | Noticed a dream sheep
   712 | D        | Killed a dream sheep
   712 | D        | Reached skill level 10 in Polearms
   712 | D        | Reached skill level 11 in Dodging
   712 | D        | Reached XP level 7. HP: 62/62 MP: 6/9
   718 | D        | Reached ****** piety under Makhleb
   733 | D        | Reached skill level 12 in Dodging
   800 | D        | Noticed a freezing wraith
   800 | D        | Noticed a bog body
   804 | D        | Killed a bog body
   804 | D        | Reached XP level 8. HP: 57/70 MP: 11/11
   811 | D        | Killed a freezing wraith
   811 | D        | Reached skill level 5 in Invocations
   954 | D        | Noticed a wraith
   955 | D        | Noticed Pikel
   961 | D        | Killed a wraith
   977 | D        | Killed Pikel
   977 | D        | Reached skill level 13 in Dodging
   977 | D        | Reached skill level 10 in Stealth
   985 | D        | Noticed a lindwurm
   987 | D        | Noticed an elephant
   997 | D        | Noticed a jumping spider
  1012 | D        | Killed a lindwurm
  1012 | D        | Reached skill level 10 in Fighting
  1012 | D        | Reached skill level 14 in Dodging
  1012 | D        | Reached XP level 9. HP: 78/78 MP: 12/14
  1020 | D        | Killed an elephant
  1025 | D        | Killed a jumping spider
  1027 | D        | Noticed a cyclops
  1054 | D        | Killed a cyclops
  1054 | D        | Reached skill level 15 in Dodging
  1081 | D        | Killed a shadow wraith
  1089 | D        | Paralysed by a floating eye for 4 turns
  1093 | D        | Reached skill level 16 in Dodging
  1093 | D        | Reached XP level 10. HP: 38/87 MP: 16/16
  1429 | D        | Noticed an orc knight
  1434 | D        | Noticed a spiny frog
  1454 | D        | Killed an orc knight
  1469 | D        | Reached skill level 17 in Dodging
  1490 | D        | Killed a spiny frog
  1618 | D        | Noticed Edmund
  1620 | D        | Killed Edmund
  1657 | D        | Noticed a deep elf mage
  1672 | D        | Killed a deep elf mage
  1672 | D        | Reached skill level 10 in Invocations
  1694 | D        | Killed a shadow wraith
  1694 | D        | Reached skill level 18 in Dodging
  1694 | D        | Reached XP level 11. HP: 58/95 MP: 18/18
  1702 | D        | Noticed a cyclops
  1868 | D        | Killed a cyclops
  1868 | D        | Reached skill level 15 in Polearms
  1968 | D        | Noticed a cyclops
  1986 | D        | Noticed a cyclops
  1993 | D        | Killed a cyclops
  2009 | D        | Killed a cyclops
  2009 | D        | Reached skill level 19 in Dodging
  2020 | D        | Noticed a death cob
  2043 | D        | Killed a death cob
  2228 | D        | Noticed a deep troll
  2238 | D        | Killed a deep troll
  2249 | D        | Noticed a sun demon
  2249 | D        | Noticed a sixfirhy
  2255 | D        | Killed a sixfirhy
  2257 | D        | Killed a sun demon
  2267 | D        | Noticed a swamp dragon
  2275 | D        | Killed a swamp dragon
  2328 | D        | Noticed Saint Roka
  2329 | D        | Noticed an eidolon
  2331 | D        | Noticed a great orb of eyes
  2345 | D        | Killed a great orb of eyes
  2347 | D        | Reached skill level 20 in Dodging
  2353 | D        | Killed an eidolon
  2366 | D        | Killed Saint Roka
  2366 | D        | Reached XP level 12. HP: 59/106 MP: 19/21
  2443 | D        | Noticed a mummy priest
  2443 | D        | Noticed Mennas
  2461 | D        | Reached skill level 21 in Dodging
  2463 | D        | HP: 3/107 [Mennas/sacred scourge of holy wrath (25)]
  2463 | D        | Mangled by Mennas

Skill      XL: |  1  2  3  4  5  6  7  8  9 10 11 12 |
---------------+-------------------------------------+-----
Long Blades    | 4 |  4.4
Dodging        | 5 6 8 11 12 14 16 18 20 21 | 21.0
Polearms       | 2 4 7 10 12 13 14 16 17 | 17.0
Stealth        | 1 3 6 8 9 10 11 12 14 | 14.8
Fighting       | 3 4 6 8 10 11 12 13 14 | 14.0
Invocations    | 3 4 6 8 10 12 | 12.3
Throwing       | |  2.2

Action                   |  1- 3 |  4- 6 |  7- 9 | 10-12 || total
-------------------------+-------+-------+-------+-------++-------
Melee: Long sword        |    11 |       |       |       ||    11
       Trident           |    43 |    47 |    69 |   211 ||   370
Invok: Lesser Servant of |       |       |     7 |    17 ||    24
       Greater Servant o |       |       |       |     4 ||     4
  Use: Potion            |     2 |     1 |     4 |    22 ||    29
 Stab: Sleeping          |       |     2 |     1 |     4 ||     7
       Invisible         |       |       |       |    10 ||    10
       Confused          |       |       |       |     2 ||     2
       Distracted        |       |       |       |     3 ||     3
  Eat: Meat ration       |     1 |       |       |     2 ||     3
Armor: Leather armour    |    29 |       |       |       ||    29
       Ring mail         |     1 |    19 |    12 |    20 ||    52
Dodge: Dodged            |    86 |    75 |    67 |   205 ||   433
       Rpst.: Long sword |     3 |       |       |       ||     3
